 Dungeon Crawl Stone Soup version 0.27-a0-1301-g128193abf8 (webtiles) character file.

Game seed: 18215675851448830357

285032 27snakeeyes612 the Warrior (level 19, -14/184 HPs)
             Began as a Minotaur Berserker on June 17, 2021.
             Was the Champion of Trog.
             Killed from afar by a fire giant (38 damage)
             ... with a bolt of fire
             ... on level 3 of the Vaults.
             The game lasted 00:39:55 (50094 turns).

27snakeeyes612 the Warrior (Minotaur Berserker)    Turns: 50094, Time: 00:39:56

Health: -14/184    AC: 35    Str: 32    XL:     19   Next: 80%
Magic:  18/18      EV: 17    Int:  4    God:    Trog [******]
Gold:   2902       SH: 25    Dex: 15    Spells: 18/18 levels left

rFire    . . .     SeeInvis .   a - +4 broad axe (elec)
rCold    . . .     Faith    .   R - +5 kite shield of Valiance {rN+ Str+4 Slay-3}
rNeg     + . .     Spirit   .   V - +3 plate armour {rPois}
rPois    +         Reflect  +   F - +2 hat
rElec    .         Harm     .   p - +2 cloak {Will+}
rCorr    .         Rampage  .   Q - +2 pair of gloves {Dex+3}
Will     ++...                  E - +2 pair of boots
Stlth    ..........             c - amulet of reflection
HPRegen  0.40/turn              l - +4 ring of slaying
MPRegen  0.16/turn              e - +4 ring of slaying

@: no status effects
A: horns 2, retaliatory headbutt
}: 2/15 runes: barnacled, gossamer
a: Renounce Religion, Berserk, Trog's Hand, Brothers in Arms


You were on level 3 of the Vaults.
You worshipped Trog.
Trog was exalted by your worship.
You visited 6 branches of the dungeon, and saw 34 of its levels.
You also visited: Ossuary.

You collected 4432 gold pieces.
You spent 1530 gold pieces at shops.

Inventory:

Hand Weapons
 a - a +4 broad axe of electrocution (weapon)
 J - a +5 broad axe of flaming
Missiles
 y - 10 throwing nets
 L - 2 curare-tipped darts
Armour
 p - a +2 cloak of willpower (worn)
 D - a +5 plate armour
 E - a +2 pair of boots (worn)
 F - a +2 hat (worn)
 Q - a +2 pair of gloves of dexterity (worn)
 R - the +5 kite shield of Valiance (worn) {rN+ Str+4 Slay-3}
   (You took it off a human on level 13 of the Dungeon)

   It affects your strength (+4).
   It affects your accuracy and damage with ranged weapons and melee attacks
   (-3).
   It protects you from negative energy.
 V - a +3 plate armour of poison resistance (worn)
Jewellery
 b - a ring of poison resistance
 c - an amulet of reflection (around neck)
 e - a +4 ring of slaying (right hand)
 l - a +4 ring of slaying (left hand)
 u - a +6 ring of strength
 x - a ring of see invisible
 K - a ring of flight
 O - a ring of fire
 S - a +6 ring of strength
 T - a ring of ice
Wands
 o - a wand of mindburst (20) (quivered)
 r - a wand of digging (5)
 v - a wand of iceblast (16)
 H - a wand of flame (28)
 Y - a wand of paralysis (15)
Scrolls
 d - 7 scrolls of fog
 g - 15 scrolls of teleportation
 w - 4 scrolls of vulnerability
 B - 4 scrolls of noise
 I - 5 scrolls of magic mapping
 M - a scroll of summoning
 P - a scroll of blinking
 W - 14 scrolls of identify
 Z - 3 scrolls of fear
Potions
 f - 5 potions of heal wounds
 h - a potion of ambrosia
 i - 4 potions of flight
 j - 2 potions of magic
 k - 8 potions of curing
 m - 7 potions of degeneration
 n - 6 potions of brilliance
 q - 2 potions of haste
 s - 9 potions of lignification
 t - 3 potions of resistance
 A - 3 potions of attraction
 C - 5 potions of might
 G - 4 potions of mutation
 N - 2 potions of invisibility
 U - 2 potions of berserk rage
 X - a potion of cancellation


   Skills:
 + Level 19.7 Fighting
 - Level 18.9 Axes
 + Level 19.6 Armour
 + Level 18.2 Dodging
 + Level 15.4 Shields


You had 18 spell levels left.
You didn't know any spells.
Your spell library was empty.

Dungeon Overview and Level Annotations

Branches:
Dungeon (15/15)            Temple (0/1) D:7            Lair (6/6) D:11
 Shoals (4/4) Lair:4       Spider (4/4) Lair:4        Slime (0/5) Lair:5
    Orc (2/2) D:12            Elf (0/3) Orc:2        Vaults (3/5) D:13
  Crypt (0/3) Vaults:2     Depths (0/5) D:15        Ossuary (visited)

Altars:
Ashenzari
Kikubaaqudgha
Nemelex Xobeh
Okawaru
Vehumet
Beogh

Shops:
D:6 ?   D:10 (   Orc:2 !(:[   Shoals:1 !!   Vaults:1 =

Annotations:
D:15 3 runed translucent doors, 27snakeeyes612's ghost, journeyman MiBe
Orc:1 3 runed translucent doors, Tutuk's ghost, journeyman DEEE


Innate Abilities, Weirdness & Mutations

You have a pair of horns on your head.
You reflexively headbutt those who attack you in melee.


Message History

You barely miss the fire giant.
Electricity crackles from the ironbound thunderhulk's apparatus.
The bolt of lightning hits you!!!
You block the ironbound preserver's attack.
The fire giant points at you and mumbles some strange words.
The bolt of fire hits you but does no damage.
You hit the fire giant. You headbutt the fire giant.
The fire giant is moderately wounded.
You slash the vault sentinel!
Lightning courses through the vault sentinel!!
You slash the ironbound preserver!
Lightning courses through the ironbound preserver!!
You kill the ironbound preserver!
Trog accepts your kill.
Trog appreciates your killing of a magic user.
The ironbound convoker begins to recite a word of recall!
Electricity crackles from the ironbound thunderhulk's apparatus.
The bolt of lightning hits you!!!
The vault sentinel blows a loud note on a signal horn!
You hear a shout!
Unknown command.
You are too injured to fight recklessly!
You slice the fire giant!!
The fire giant is heavily wounded.
You barely miss the vault sentinel. The fire giant casts a spell at you.
The bolt of fire hits you!!!
* * * LOW HITPOINT WARNING * * *
You are too injured to fight recklessly!
Unknown command.
You feel much better.
The vault sentinel hits you with a +3 falchion.
* * * LOW HITPOINT WARNING * * *
Electricity crackles from the ironbound thunderhulk's apparatus.
The bolt of lightning misses you.
The vault sentinel points at you and mumbles some strange words.
You barely resist. The fire giant casts a spell at you.
The bolt of fire hits you!!!
You die...

,,,,,**********,,*
*,,,,,,,,,,,*
,,,,,,,,,,.......#
*,,,,,,,,,,,*
,,,,,,,,,,,).....#
*,,,,,,,,,,,*
,,,,*******#.....#
*,,,,,,,,,,^*
,,,,*,,,,,,#.....#
******,******
,,,,*,,,,,,#)....#
*,,,,*,*,,,,*
,,,,*,,,,,,+.....#
*,,,,+,*,,,,*
,,,,*,,,,,,#....)#
*,,,,*,*,,,,*
,,,,*,,,,,,#...p@#
*,,,,*,+,,,,*
,,,,*,,,,,,#...)C#
*,,,,*,*,,,,*
,,,,*,,,,,,#..p.p#
***++********
,,,,*,,,,,,#....O#****,,,,,*
,,,,***#####.....#,,,,,#,*,*
,,,,,,,..........#,,*,..,,,*
,,,,,,,..........#,,#...,,,*
,,,****#+#.......#,...#.*,,*
,,,*,,,,,##......#......,,,*


You could see a fire giant (strong), an ironbound thunderhulk (strong), 2 vault
sentinels and an ironbound convoker (fast, chanting recall).

Vanquished Creatures
  Frederick (Vaults:2)
  Arachne (Spider:4)
  Jorgrun (Orc:1)
  A sphinx (Vaults:2)
  A kraken (Shoals:4)
  Kirke (D:13)
  Donald (Spider:2)
  3 ghost moths (Spider:4)
  A frost giant (Shoals:3)
  A fire giant (Vaults:1)
  2 vault wardens
  2 emperor scorpions
  2 orc warlords
  3 stone giants
  11 ironbound preservers
  2 war gargoyles
  6 very ugly things (Vaults:1)
  A vampire knight (Vaults:2)
  Azrael (D:15)
  A deep elf demonologist (Vaults:1)
  2 entropy weavers
  3 spark wasps
  5 dire elephants
  2 crystal guardians
  Snorg (D:13)
  An ettin (Vaults:1)
  A fire dragon (Lair:6)
  6 merfolk impalers
  A jiangshi (Vaults:2)
  4 merfolk javelineers
  6 yaktaur captains
  Josephine (D:13)
  2 great orbs of eyes (Vaults:2)
  6 ironbound thunderhulks
  Harold (Orc:1)
  2 vault guards (D:13)
  2 peacekeepers
  Fannar (Lair:1)
  A boulder beetle (D:12)
  2 ogre magi (Orc:2)
  An alligator snapping turtle (Shoals:3)
  10 hydras
  2 merfolk aquamancers
  6 ironbound frosthearts (Vaults:1)
  A death knight (Vaults:2)
  2 catoblepae (Lair:6)
  4 two-headed ogres
  9 merfolk avatars
  22 centaur warriors
  A satyr (Shoals:3)
  Urug (Lair:6)
  7 death yaks
  7 tengu warriors
  An orc high priest (Orc:1)
  6 ironbound beastmasters
  Nergalle (Orc:2)
  10 skeletal warriors
  A swamp dragon (Lair:6)
  19 deep trolls
  A flayed ghost (Vaults:1)
  15 sea snakes
  Pikel (D:4)
  2 phantasmal warriors
  10 ironbound convokers
  2 orc knights
  3 wizards
  9 lindwurms
  13 orb spiders
  2 deep elf pyromancers
  8 orc sorcerers
  A necromancer (Vaults:2)
  14 manticores
  6 cyclopes
  3 moths of wrath
  12 fauns
  20 ugly things
  20 wolf spiders
  10 merfolk sirens
  7 black mambas
  Maurice (D:8)
  5 elephants
  A human skeleton (Vaults:2)
  11 cane toads
  Joseph (D:8)
  2 torpor snails
  9 vault sentinels
  A gargoyle (D:12)
  5 water nymphs
  A frost giant skeleton (Vaults:2)
  4 rime drakes
  12 komodo dragons
  An efreet (D:15)
  5 kobold demonologists
  10 yaktaurs
  21 demonic crawlers
  3 freezing wraiths (D:15)
  Psyche (D:8)
  A yaktaur (shapeshifter) (D:13)
  3 tengu conjurers
  3 polar bears
  3 meliai (D:15)
  26 merfolk
  7 trolls
  7 wind drakes
  An ettin zombie (Vaults:2)
  38 jumping spiders
  11 hornets
  Grinder (D:6)
  19 blink frogs
  Prince Ribbit (D:7)
  4 snapping turtles
  24 slime creatures
  9 dream sheep
  22 tarantellas
  Sigmund (D:3)
  A shadow (D:10)
  54 redbacks
  A spriggan (D:8)
  3 wyverns
  A vampire (D:13)
  10 water elementals
  33 yaks
  5 wraiths
  4 fire elementals (D:15)
  4 steam dragons
  9 humans (D:13)
  10 basilisks
  3 hogs
  Menkaure (D:5)
  9 vampire mosquitoes
  2 wargs (Orc:1)
  4 acid dragons
  2 hell hounds (D:15)
  8 water moccasins
  Duvessa (D:4)
  15 orc warriors
  2 black bears
  A sky beast (D:4)
  A necrophage (D:4)
  5 ogres
  6 wolves
  12 centaurs
  3 phantoms
  5 kobold brigands
  8 bullfrogs
  Blork the orc (D:6)
  A water moccasin zombie (D:5)
  4 scorpions
  Dowan (D:4)
  24 killer bees
  7 wights (D:7)
  10 electric eels
  A howler monkey (D:6)
  A centaur zombie (D:9)
  A bullfrog zombie (D:5)
  A gnoll shaman (Orc:1)
  A hound (D:6)
  Crazy Yiuf (D:6)
  3 human zombies
  7 orc priests
  3 bullfrog skeletons
  A jelly (D:7)
  A centaur skeleton (D:7)
  11 iguanas
  A scorpion zombie (D:3)
  Natasha (thrice) (D:3)
  28 orc wizards
  A killer bee zombie (D:8)
  A hound zombie (Ossuary)
  4 mummies (Ossuary)
  A howler monkey zombie (D:8)
  9 gnolls
  4 adders
  3 shadow imps
  2 ufetubi
  An adder zombie (Ossuary)
  An adder skeleton (D:5)
  4 dart slugs
  65 orcs
  7 ball pythons
  7 bats
  3 endoplasms (D:1)
  4 giant cockroaches
  A gnoll zombie (Ossuary)
  8 goblins
  6 hobgoblins
  3 jackals (D:1)
  31 kobolds
  4 quokkas
  5 frilled lizards
  4 hobgoblin zombies (Ossuary)
  A jackal zombie (D:4)
  A kobold zombie (Ossuary)
  An orc zombie (Ossuary)
  3 rats
  A rat zombie (Ossuary)
  2 tentacles (Shoals:4)
1161 creatures vanquished.

Vanquished Creatures (others)
  A ghost moth (Spider:4)
  2 wizards (Vaults:1)
  An efreet (D:13)
  A jumping spider (Spider:2)
  A water elemental (Shoals:3)
  A human (D:13)
  A swamp drake (Lair:6)
  A kobold (D:14)
  8 fungi
  74 plants
  2 tentacles (Shoals:4)
93 creatures vanquished.

Grand Total: 1254 creatures vanquished

Notes
Turn   | Place    | Note
-------+----------+-------------------------------------------
     0 | D:1      | 27snakeeyes612 the Minotaur Berserker began the quest for
                  | the Orb.
     0 | D:1      | Reached XP level 1. HP: 19/19 MP: 0/0
   275 | D:1      | Reached XP level 2. HP: 27/27 MP: 1/1
  1070 | D:2      | Reached ** piety under Trog
  1156 | D:2      | Reached XP level 3. HP: 33/33 MP: 2/2
  1355 | D:2      | Found a faded altar of an unknown god.
  1934 | D:3      | Noticed Sigmund
  1940 | D:3      | Killed Sigmund
  1941 | D:3      | Reached skill level 5 in Fighting
  1941 | D:3      | Reached skill level 5 in Axes
  1941 | D:3      | Reached XP level 4. HP: 42/42 MP: 3/3
  1941 | D:3      | Reached XP level 5. HP: 48/48 MP: 4/4
  2164 | D:3      | Reached XP level 6. HP: 56/56 MP: 5/5
  2226 | D:3      | Noticed Natasha
  2230 | D:3      | Killed Natasha
  2262 | D:3      | Noticed Natasha
  2269 | D:3      | Killed Natasha
  2427 | D:3      | Noticed Natasha
  2437 | D:3      | Killed Natasha
  2758 | D:4      | Noticed Duvessa
  2758 | D:4      | Noticed Dowan
  2771 | D:4      | Killed Duvessa
  2772 | D:4      | Reached skill level 5 in Armour
  2772 | D:4      | Reached XP level 7. HP: 62/62 MP: 6/6
  2775 | D:4      | Reached *** piety under Trog
  2777 | D:4      | Killed Dowan
  2909 | D:4      | Noticed Pikel
  2923 | D:4      | Killed Pikel
  2924 | D:4      | Reached skill level 5 in Dodging
  2924 | D:4      | Reached XP level 8. HP: 53/71 MP: 7/7
  3010 | D:4      | Found a sand-covered staircase.
  3119 | Ossuary  | Entered an ossuary
  4030 | D:5      | Entered Level 5 of the Dungeon
  4030 | D:5      | Noticed Menkaure
  4040 | D:5      | Killed Menkaure
  4652 | D:5      | Reached XP level 9. HP: 45/81 MP: 8/8
  5905 | D:6      | Found Ychiozi's Magic Scroll Shoppe.
  5988 | D:6      | Noticed Blork the orc
  5995 | D:6      | Killed Blork the orc
  5995 | D:6      | Reached **** piety under Trog
  6402 | D:6      | Found a runed translucent door.
  6403 | D:6      | Noticed Crazy Yiuf
  6540 | D:6      | Noticed Grinder
  6546 | D:6      | Paralysed by Grinder for 2 turns
  6553 | D:6      | Killed Grinder
  6898 | D:6      | Noticed a manticore
  7148 | D:6      | Killed Crazy Yiuf
  8082 | D:7      | Found a staircase to the Ecumenical Temple.
  8298 | D:7      | Reached XP level 10. HP: 91/91 MP: 9/9
  8376 | D:7      | Noticed Prince Ribbit
  8390 | D:7      | Killed Prince Ribbit
  8915 | D:8      | Noticed Maurice
  9301 | D:8      | Killed Maurice
  9385 | D:8      | Reached skill level 10 in Fighting
  9385 | D:8      | Reached skill level 10 in Axes
  9684 | D:8      | Reached skill level 10 in Armour
  9771 | D:8      | Noticed Joseph
  9783 | D:8      | Killed Joseph
  9904 | D:8      | Found a broken altar of Ashenzari.
  9999 | D:8      | Noticed Psyche
 10010 | D:8      | Killed Psyche
 11442 | D:9      | Reached XP level 11. HP: 101/101 MP: 10/10
 12296 | D:9      | Noticed an eight-headed hydra
 12344 | D:9      | Killed an eight-headed hydra
 13236 | D:6      | Bought a scroll of acquirement for 520 gold pieces
 13236 | D:6      | Acquired a +2 broad axe of freezing
 13380 | D:10     | Entered Level 10 of the Dungeon
 13643 | D:10     | Reached ***** piety under Trog
 13654 | D:10     | Reached skill level 10 in Dodging
 13825 | D:10     | Found Kopoboj's Weapon Emporium.
 14175 | D:10     | Noticed a two-headed ogre
 14187 | D:10     | Killed a two-headed ogre
 15183 | D:11     | Noticed a two-headed ogre
 15190 | D:11     | Killed a two-headed ogre
 15274 | D:11     | Found a staircase to the Lair.
 15282 | D:11     | Noticed a two-headed ogre
 15285 | D:11     | Killed a two-headed ogre
 16132 | D:12     | Noticed a cyan ugly thing
 16136 | D:12     | Killed a cyan ugly thing
 16238 | D:12     | Reached XP level 12. HP: 92/112 MP: 11/11
 16424 | D:12     | Noticed a two-headed ogre
 16434 | D:12     | Killed a two-headed ogre
 16691 | D:12     | Noticed a boulder beetle
 16707 | D:12     | Killed a boulder beetle
 17633 | D:12     | Found a staircase to the Orcish Mines.
 17658 | D:12     | Noticed a four-headed hydra
 17668 | D:12     | Killed a four-headed hydra
 18195 | D:13     | Noticed Snorg
 18203 | D:13     | Killed Snorg
 18834 | D:13     | Noticed a centaur warrior
 18851 | D:13     | Killed a centaur warrior
 19049 | D:13     | Noticed a centaur warrior
 19059 | D:13     | Killed a centaur warrior
 19108 | D:13     | Noticed a tengu warrior
 19111 | D:13     | Noticed Josephine
 19119 | D:13     | Killed a tengu warrior
 19120 | D:13     | Reached XP level 13. HP: 93/122 MP: 12/12
 19401 | D:13     | Noticed Kirke
 19567 | D:13     | Killed Kirke
 19819 | D:13     | Killed Josephine
 19834 | D:13     | Identified the +5 kite shield of Valiance {rN+ Str+4
                  | Slay-3}
 20099 | D:13     | Found a gate to the Vaults.
 20168 | D:13     | Reached skill level 1 in Shields
 20454 | D:13     | Received a gift from Trog
 22043 | Lair:1   | Entered Level 1 of the Lair of Beasts
 22065 | Lair:1   | Noticed Fannar
 22087 | Lair:1   | Killed Fannar
 22316 | Lair:1   | Reached XP level 14. HP: 133/133 MP: 13/13
 23581 | Lair:2   | Found the +10 zealot's sword {holy, *Rage rN+ EV+3}
 24018 | Lair:3   | Reached skill level 5 in Shields
 24712 | D:6      | Bought a scroll of enchant armour for 75 gold pieces
 24712 | D:6      | Bought a scroll of teleportation for 30 gold pieces
 24712 | D:6      | Bought a scroll of brand weapon for 200 gold pieces
 24712 | D:6      | Bought a scroll of enchant weapon for 75 gold pieces
 24712 | D:6      | Bought a scroll of enchant weapon for 75 gold pieces
 25365 | Lair:4   | Acquired 832 gold pieces
 25611 | Lair:4   | Found a hole to the Spider Nest.
 25831 | Lair:4   | Found a staircase to the Shoals.
 25863 | Lair:5   | Found a staircase to the Slime Pits.
 26206 | Lair:5   | Reached skill level 15 in Fighting
 26280 | Lair:5   | Reached skill level 15 in Axes
 26282 | Lair:5   | Received a gift from Trog
 26290 | Lair:5   | Reached ****** piety under Trog
 26707 | Lair:6   | Entered Level 6 of the Lair of Beasts
 26947 | Lair:6   | Reached skill level 15 in Armour
 27770 | Lair:6   | Noticed Urug
 27783 | Lair:6   | Killed Urug
 27996 | Lair:6   | Reached XP level 15. HP: 132/141 MP: 12/14
 29088 | D:14     | Received a gift from Trog
 30130 | D:15     | Entered Level 15 of the Dungeon
 30204 | D:15     | Noticed Azrael
 30219 | D:15     | Killed Azrael
 31084 | D:15     | Found a staircase to the Depths.
 31612 | D:15     | Found a sparkling altar of Nemelex Xobeh.
 31653 | D:15     | Found a runed translucent gate.
 31654 | D:15     | Found a runed translucent gate.
 31655 | D:15     | Found a runed translucent gate.
 31658 | D:15     | Identified the ring of Secrets {rF+ Will++ Dex-5}
 31663 | D:15     | Noticed 27snakeeyes612's ghost (journeyman MiBe)
 31861 | Orc:1    | Entered Level 1 of the Orcish Mines
 31865 | Orc:1    | Noticed Jorgrun
 31888 | Orc:1    | Killed Jorgrun
 32297 | Orc:1    | Found a runed translucent gate.
 32297 | Orc:1    | Found a runed translucent gate.
 32297 | Orc:1    | Found a runed translucent gate.
 32299 | Orc:1    | Noticed Harold
 32302 | Orc:1    | Noticed Tutuk's ghost (journeyman DEEE)
 32307 | Orc:1    | Killed Harold
 32307 | Orc:1    | Received a gift from Trog
 32355 | Orc:1    | You fall into a shaft and drop 1 floor!
 32355 | Orc:2    | Entered Level 2 of the Orcish Mines
 32364 | Orc:2    | Found an iron altar of Okawaru.
 32599 | Orc:2    | Found a staircase to the Elven Halls.
 32861 | Orc:2    | Found Zoten's Antique Weapon Shop.
 32868 | Orc:2    | Paralysed by an ogre mage for 5 turns
 33047 | Orc:2    | Found an ancient bone altar of Kikubaaqudgha.
 33047 | Orc:2    | Noticed Nergalle
 33062 | Orc:2    | Killed Nergalle
 33076 | Orc:2    | Received a gift from Trog
 33092 | Orc:2    | Found a radiant altar of Vehumet.
 33171 | Orc:2    | Found Xeokkul's Distillery.
 33185 | Orc:2    | Found Lubopte's Book Boutique.
 33235 | Orc:2    | Bought a potion of heal wounds for 65 gold pieces
 33235 | Orc:2    | Bought a potion of heal wounds for 65 gold pieces
 33235 | Orc:2    | Bought a potion of heal wounds for 65 gold pieces
 33243 | Orc:2    | Found Iliesom's Antique Armour Shop.
 33789 | Spider:1 | Entered Level 1 of the Spider Nest
 33817 | Spider:1 | Reached skill level 15 in Dodging
 34209 | Spider:1 | Reached XP level 16. HP: 152/152 MP: 15/15
 34450 | Spider:1 | Reached skill level 10 in Shields
 34457 | Spider:1 | Received a gift from Trog
 35086 | Spider:2 | Noticed Donald
 35111 | Spider:2 | Killed Donald
 35723 | Spider:3 | Received a gift from Trog
 36646 | Spider:4 | Entered Level 4 of the Spider Nest
 36809 | Spider:4 | Noticed Arachne
 36826 | Spider:4 | Killed Arachne
 37376 | Spider:4 | Reached XP level 17. HP: 63/161 MP: 0/16
 37376 | Spider:4 | Received a gift from Trog
 37954 | Spider:4 | Got a gossamer rune of Zot
 38304 | Shoals:1 | Entered Level 1 of the Shoals
 38319 | Shoals:1 | Found Ribbin's Distillery.
 38435 | Shoals:1 | Found Qurigir's Distillery.
 39047 | Shoals:2 | Received a gift from Trog
 41742 | Shoals:4 | Entered Level 4 of the Shoals
 41792 | Shoals:4 | Received a gift from Trog
 41856 | Shoals:4 | Identified the +8 falchion "Tasimpyp" {protect, Will+}
 43618 | Shoals:4 | Got a barnacled rune of Zot
 44010 | Shoals:4 | Reached XP level 18. HP: 120/172 MP: 11/17
 44021 | Shoals:4 | Received a gift from Trog
 44171 | Shoals:4 | Identified the Grimoire of the Pill Bug
 44980 | Vaults:1 | Entered Level 1 of the Vaults
 45006 | Vaults:1 | HP: 2/258 [war gargoyle[a peacekeeper] (22)]
 45777 | Vaults:1 | Received a gift from Trog
 47261 | Vaults:1 | Found Kuixa's Jewellery Shop.
 47268 | Vaults:1 | Bought an amulet of reflection for 360 gold pieces
 47311 | Vaults:1 | Reached XP level 19. HP: 181/181 MP: 18/18
 47704 | Vaults:2 | Received a gift from Trog
 47816 | Vaults:2 | Noticed Frederick
 47823 | Vaults:2 | Killed Frederick
 48788 | Vaults:2 | Paralysed by a great orb of eyes for 7 turns
 48798 | Vaults:2 | Reached skill level 15 in Shields
 49100 | Vaults:2 | Received a gift from Trog
 49653 | Vaults:2 | Found a staircase to the Crypt.
 50093 | Vaults:3 | HP: 1/184 [fire giant/bolt of fire (55)]
 50094 | Vaults:3 | Killed from afar by a fire giant

Illustrated notes

Levels and vault maps discovered:
D:1:      giann_bridges, layout_loops_corners
D:2:      layout_basic, chequers_ecumenical_altar_island,
          minmay_fractal_squares_gapless_5
D:3:      layout_loops_ring, uniq_sigmund, uniq_natasha
D:4:      layout_loops_ring, enter_ossuary_3, uniq_pikel, uniq_duvessa
D:5:      layout_cave_pods, minmay_manual_monstrance, uniq_menkaure
D:6:      layout_loops_cross, serial_shops, shop_scrolls,
          lightli_corner_chamber, uniq_blork_the_orc, uniq_crazy_yiuf_cottage,
          uniq_grinder
D:7:      layout_basic, temple_pool_b, uniq_prince_ribbit1
D:8:      layout_loops_ring, evilmike_ruin_ashenzari, the_hattery, uniq_joseph,
          uniq_psyche, uniq_maurice
D:9:      layout_roguey [special_room_orc], serial_co_window_serial,
          co_window_corner_a, co_window_paths_b, co_window_paths_b,
          co_window_corner_a, co_window_of_opportunity_a, co_window_2corner,
          co_window_unsneaky_path_c, co_window_cross_4, co_window_4corner_a,
          glass_columns_b, glass_columns_c, glass_columns_b, glass_columns_c,
          glass_columns_a
D:10:     layout_basic, serial_shops, nicolae_diamond_shop
D:11:     layout_irregular_city, david_lair_shrubbed, mrwooster_statue_mirror
D:12:     layout_loops_corners, orc_0_dummy
D:13:     layout_layer_cave, ximxim_vaults_locker_room, uniq_josephine,
          uniq_snorg, uniq_kirke
D:14:     layout_basic, chequers_garden, serial_bayou, serial_bayou_pond_b,
          serial_bayou_lagoon_b, serial_bayou_pond_d, serial_bayou_shore_a
D:15:     grunt_enter_depths_snipers, layout_stronghold,
          gammafunk_ghost_tricky_traps, hangedman_abyss_or_decor_lesser_grid,
          nemelex_altar_shiori, uniq_azrael
Lair:1:   layout_misc_corridors, uniq_fannar
Lair:2:   layout_regular_city, infiniplex_staircase_pool, lemuel_fruit_fields,
          lemuel_fruit_fields
Lair:3:   layout_regular_city
Lair:4:   layout_misc_corridors, minmay_shoals_entry_hut, dummy_spider_entry
Lair:5:   layout_cave_pods, slime_dummy
Lair:6:   guppyfry_lair_end_dragon, layout_layer_cave, hangedman_lair_in_review,
          uniq_urug
Shoals:1: layout_shoals, serial_shops, nicolae_lakefront_shop,
          nicolae_shop_waterfront
Shoals:2: layout_shoals
Shoals:3: layout_shoals
Shoals:4: shoals_end_grunt_ice, layout_shoals,
          nicolae_shoals_kraken_intersection
Spider:1: layout_spider_delve
Spider:2: layout_spider_delve, nicolae_spider_cling_ruins, worms_lemuel,
          uniq_donald
Spider:3: nicolae_spider_jumping_over_cracks [nicolae_spider_jumping_sub_grid,
          nicolae_spider_jumping_sub_no_exit, nicolae_spider_jumping_sub_moat,
          nicolae_spider_jumping_sub_lanes]
Spider:4: spider_rune_water, uniq_arachne
Orc:1:    layout_caves, gammafunk_ghost_split, uniq_harold, uniq_jorgrun
Orc:2:    kennysheep_orc_mage_school, layout_diamond_mine,
          okawaru_metal_pillars_1_2
Vaults:1: nicolae_vaults_network_star, nicolae_vaults_network_barrier,
          v_rooms_1, st_cells, v_misc_22, ontoclasm_vaults_shuriken,
          ontoclasm_vaults_claustrophobia, nicolae_vaults_theta,
          nicolae_vaults_what_the_h, hangedman_vaults_stretched_pinwheel,
          nicolae_vaults_angled_halls, v_misc_4,
          vaults_mumra_minichess_inversion, hangedman_vaults_impose,
          layout_vaults_maze, serial_shops, shop
Vaults:2: vaults_room_fours, nicolae_vaults_display_case,
          minmay_crypt_entry_simple_corners, hangedman_vaults_cutoff,
          nicolae_vaults_ninety_degrees, nicolae_vaults_rhombus_5,
          grunt_vaults_focal, layout_vaults_omnigrid, uniq_frederick
Vaults:3: dpeg_vaults_monster_box, vaults_mumra_bighexcomb, v_pattern_4,
          hangedman_vaults_river_flow, v_misc_13, grunt_vaults_twisty,
          vaults_mumra_chevron, v_rooms_2, nicolae_vaults_shelves_hall,
          v_misc_12, vaults_room_stairs_pillars,
          nicolae_vaults_little_squares_4, nicolae_vaults_rhombus_5,
          layout_vaults_omnicross, serial_shops, bzr_entry_road

Skill      XL: |  1  2  3  4  5  6  7  8  9 10 11 12 13 14 15 16 17 18 19 |
---------------+----------------------------------------------------------+-----
Fighting       | 4 5 6 8 9 10 12 13 14 15 16 17 18 19 | 19.7
Axes           | 4 5 6 8 9 10 12 13 14 15 16 17 18 | 18.9
Armour         | 4 5 6 7 9 10 11 13 14 15 16 17 18 19 | 19.6
Dodging        | 3 4 5 6 8 9 10 12 13 14 15 16 17 18 | 18.2
Shields        | 4 7 9 11 13 14 15 | 15.4

Action                   |  1- 3 |  4- 6 |  7- 9 | 10-12 | 13-15 | 16-18 | 19-21 || total
-------------------------+-------+-------+-------+-------+-------+-------+-------++-------
Melee: Hand axe          |    83 |    61 |   328 |   334 |       |       |       ||   806
       Headbutt          |    11 |    13 |    68 |   138 |   262 |   379 |    83 ||   954
       Broad axe         |       |       |       |   260 |   893 |  1266 |   228 ||  2647
       Flail             |       |       |       |     6 |       |       |       ||     6
       Battleaxe         |       |       |       |     3 |       |       |       ||     3
       Morningstar       |       |       |       |     7 |       |       |       ||     7
       Unarmed           |       |       |       |       |     6 |       |       ||     6
Invok: Berserk           |     1 |     2 |     5 |    13 |     6 |     7 |       ||    34
       Trog's Hand       |       |       |       |     5 |     4 |     9 |       ||    18
Evoke: Wand              |       |       |       |       |     6 |    11 |       ||    17
  Use: Scroll            |       |       |    18 |    11 |    13 |     8 |     1 ||    51
       Potion            |       |       |       |       |       |     2 |     1 ||     3
 Stab: Confused          |       |       |       |       |     1 |       |       ||     1
       Distracted        |       |       |       |       |       |     1 |       ||     1
Armor: Ring mail         |    34 |    21 |    19 |       |       |       |       ||    74
       Animal skin       |     2 |       |       |       |       |       |       ||     2
       Chain mail        |       |       |   109 |   139 |       |       |       ||   248
       Skin              |       |       |       |    18 |       |       |       ||    18
       Plate armour      |       |       |       |   194 |   517 |   736 |    55 ||  1502
Dodge: Dodged            |    52 |    26 |   171 |   335 |   427 |   672 |    69 ||  1752
Block: Kite shield       |       |       |       |       |   778 |  1357 |   211 ||  2346
       Reflection        |       |       |       |       |       |       |    24 ||    24

Table legend: (Time is in decaauts)
 A = Elapsed time spent in this place.
 B = Non-inter-level travel time spent in this place.
 C = Inter-level travel time spent in this place.
 D = Time resting spent in this place.
 E = Time spent auto-exploring this place.
 F = Levels seen in this place.
 G = Mean time per level.
                   A        B        C        D        E       F      G
               +--------+--------+--------+--------+--------+-----+--------+
         Total |  50140 |  47327 |   2813 |   7774 |  32936 |  35 | 1432.6 |
       Dungeon |  25897 |  24230 |   1667 |   4408 |  17124 |  15 | 1726.5 |
          Lair |   7076 |   6622 |    454 |    535 |   5354 |   6 | 1179.3 |
        Shoals |   6411 |   6238 |    173 |   1663 |   3616 |   4 | 1602.8 |
   Spider Nest |   4104 |   3784 |    320 |    519 |   2223 |   4 | 1026.0 |
  Orcish Mines |   1811 |   1725 |     86 |    166 |   1223 |   2 |  905.5 |
        Vaults |   4538 |   4426 |    112 |    481 |   3230 |   3 | 1512.7 |
       Ossuary |    300 |    300 |      0 |      0 |    165 |   1 |  300.0 |
               +--------+--------+--------+--------+--------+-----+--------+

Top non-repeatable levels by time:
    D:13: 3794 daAuts
Shoals:3: 2877 daAuts
    D:12: 2648 daAuts
     D:7: 2383 daAuts
Vaults:2: 2251 daAuts
  Lair:6: 2217 daAuts
Vaults:1: 2204 daAuts
     D:9: 2125 daAuts
    D:10: 1853 daAuts
     D:8: 1657 daAuts
    D:15: 1626 daAuts
Shoals:4: 1606 daAuts
     D:5: 1592 daAuts
     D:6: 1544 daAuts
Spider:4: 1427 daAuts
